| TOP OF THE 1ST |
|
Washington (APP) Nationals batting - Pitching for Danville Braves : RHP Rick Grenfell
|
|
Pitching: RHP Rick Grenfell
|
|
|
Batting: RHB Leo Gutierrez
|
0-0: Ball 1-0: Ball 2-0: Foul Ball, location: 2F 2-1: Fly out, F7 (Flyball, 7, EV 95.0 MPH)
|
|
Batting: LHB Vince McLane
|
0-0: Ball 1-0: Ground out 4-3 (Groundball, 4, EV 85.0 MPH)
|
|
Batting: LHB Chance McWilliams
|
0-0: Ground out 3-1 (Groundball, 34S, EV 89.4 MPH)
|
| Top of the 1st over - 0 runs, 0 hits, 0 errors, 0 left on base; Washington (APP) 0 - Danville 0 |
| BOTTOM OF THE 1ST |
|
Danville Braves batting - Pitching for Washington (APP) Nationals : RHP Greg Hall
|
|
Pitching: RHP Greg Hall
|
|
|
Batting: RHB Josh Hopp
|
0-0: Foul Ball, location: 2F 0-1: Ball 1-1: Ball 2-1: Ball 3-1: Called Strike 3-2: Base on Balls
|
|
Batting: RHB Richard Saquic
|
0-0: Fly out, F7 (Flyball, 7, EV 83.1 MPH)
|
|
Batting: LHB Tamaichi Sasada
|
0-0: Called Strike Josh Hopp steals 2nd base 0-1: Ball 1-1: Ball Josh Hopp is caught stealing 3rd base 2-5 2-1: Foul Ball, location: 2F 2-2: SINGLE (Groundball, 15S, EV 73.1 MPH) (infield hit)
|
|
Batting: LHB Art D'Ascenzo
|
0-0: DOUBLE (Line Drive, 89D, EV 101.9 MPH) Tamaichi Sasada to third
|
|
Batting: RHB Rafael Reyes
|
0-0: Ball 1-0: Ball 2-0: Ground out 4-3 (Groundball, 4M, EV 80.6 MPH)
|
| Bottom of the 1st over - 0 runs, 2 hits, 0 errors, 2 left on base; Washington (APP) 0 - Danville 0 |
| TOP OF THE 2ND |
|
Washington (APP) Nationals batting - Pitching for Danville Braves : RHP Rick Grenfell
|
|
Batting: RHB Antonio Laurel
|
0-0: Ball 1-0: Ball 2-0: Foul Ball, location: 2F 2-1: Foul Ball, location: 2F 2-2: Ball 3-2: Fly out, F8 (Flyball, 8LD, EV 99.4 MPH)
|
|
Batting: RHB Antonio Vallez
|
0-0: Ball 1-0: Fly out, F8 (Flyball, 8RM, EV 88.1 MPH)
|
|
Batting: RHB Tylor Cyr
|
0-0: Foul Ball, location: 2F 0-1: Swinging Strike 0-2: Ground out 6-3 (Groundball, 56D, EV 109.4 MPH)
|
| Top of the 2nd over - 0 runs, 0 hits, 0 errors, 0 left on base; Washington (APP) 0 - Danville 0 |
| BOTTOM OF THE 2ND |
|
Danville Braves batting - Pitching for Washington (APP) Nationals : RHP Greg Hall
|
|
Batting: RHB Dave Pizarro
|
0-0: Ball 1-0: Called Strike 1-1: Called Strike 1-2: Foul Ball, location: 2F 1-2: SOLO HOME RUN (Flyball, 89XD, EV 96.9 MPH), Distance : 382 ft
|
|
Batting: RHB Tony Cabrera
|
0-0: Ball 1-0: Ball 2-0: Foul Ball, location: 2F 2-1: Foul Ball, location: 2F 2-2: Foul Ball, location: 2F 2-2: Strikes out swinging
|
|
Batting: RHB Vicente Guillen
|
0-0: Foul Ball, location: 2F 0-1: Ball 1-1: Foul Ball, location: 2F 1-2: Ground out 6-3 (Groundball, 6, EV 103.8 MPH)
|
|
Batting: RHB Tetsuro Sato
|
0-0: Called Strike 0-1: Ball 1-1: Called Strike 1-2: Foul Ball, location: 2F 1-2: Ball 2-2: Strikes out swinging
|
| Bottom of the 2nd over - 1 run, 1 hit, 0 errors, 0 left on base; Washington (APP) 0 - Danville 1 |
| TOP OF THE 3RD |
|
Washington (APP) Nationals batting - Pitching for Danville Braves : RHP Rick Grenfell
|
|
Batting: RHB Er Le
|
0-0: Ball 1-0: Called Strike 1-1: Called Strike 1-2: Foul Ball, location: 2F 1-2: SINGLE (Groundball, 6MD, EV 100.6 MPH)
|
|
Batting: RHB Justin Van Houten
|
0-0: Foul Ball, location: 2F 0-1: Swinging Strike 0-2: Strikes out swinging
|
|
Batting: RHB Jason Ewert
|
0-0: Called Strike 0-1: Swinging Strike 0-2: Ball 1-2: Ball 2-2: Foul Ball, location: 2F 2-2: Ball 3-2: Strikes out looking
|
|
Batting: RHB Leo Gutierrez
|
0-0: SINGLE (Line Drive, 6MD, EV 95.0 MPH) Er Le to second
|
|
Batting: LHB Vince McLane
|
0-0: Called Strike 0-1: Ball 1-1: Ball 2-1: Ball 3-1: Base on Balls Er Le to third Leo Gutierrez to second
|
|
Batting: LHB Chance McWilliams
|
0-0: Ball 1-0: Ball 2-0: Ball 3-0: Called Strike 3-1: Ground out 1-3 (Groundball, 13S, EV 68.8 MPH)
|
| Top of the 3rd over - 0 runs, 2 hits, 0 errors, 3 left on base; Washington (APP) 0 - Danville 1 |
| BOTTOM OF THE 3RD |
|
Danville Braves batting - Pitching for Washington (APP) Nationals : RHP Greg Hall
|
|
Batting: RHB Josh Hopp
|
0-0: Ground out 2-3 (Groundball, 15S, EV 68.8 MPH)
|
|
Batting: RHB Richard Saquic
|
0-0: Ball 1-0: Ball 2-0: Ground out 1-3 (Groundball, 13, EV 75.0 MPH)
|
|
Batting: LHB Tamaichi Sasada
|
0-0: Ball 1-0: Ball 2-0: Swinging Strike 2-1: Foul Ball, location: 2F 2-2: Ball 3-2: Strikes out swinging
|
| Bottom of the 3rd over - 0 runs, 0 hits, 0 errors, 0 left on base; Washington (APP) 0 - Danville 1 |
| TOP OF THE 4TH |
|
Washington (APP) Nationals batting - Pitching for Danville Braves : RHP Rick Grenfell
|
|
Batting: RHB Antonio Laurel
|
0-0: Ball 1-0: Ball 2-0: Ball 3-0: Base on Balls
|
|
Batting: RHB Antonio Vallez
|
0-0: Called Strike 0-1: Ball 1-1: Ball 2-1: Ball 3-1: Base on Balls Antonio Laurel to second
|
|
Batting: RHB Tylor Cyr
|
0-0: Called Strike 0-1: Ball 1-1: Ball 2-1: Ball 3-1: Fly out, F7 (Flyball, 7, EV 84.4 MPH)
|
|
Batting: RHB Er Le
|
0-0: SINGLE (Line Drive, 56D, EV 99.4 MPH) Antonio Laurel to third Antonio Vallez to second
|
|
Batting: RHB Justin Van Houten
|
0-0: Ball 1-0: Called Strike 1-1: Foul Ball, location: 2F 1-2: SINGLE (Groundball, 56, EV 110.6 MPH) (infield hit) Antonio Laurel scores Antonio Vallez to third Er Le to second
|
|
Batting: RHB Jason Ewert
|
0-0: Called Strike 0-1: Ball 1-1: Foul Ball, location: 2F 1-2: Foul Ball, location: 2F 1-2: Grounds into double play, 6-4-3 (Groundball, 6, EV 82.5 MPH)
|
| Top of the 4th over - 1 run, 2 hits, 0 errors, 2 left on base; Washington (APP) 1 - Danville 1 |
| BOTTOM OF THE 4TH |
|
Danville Braves batting - Pitching for Washington (APP) Nationals : RHP Greg Hall
|
|
Batting: LHB Art D'Ascenzo
|
0-0: Called Strike 0-1: Ground out 6-3 (Groundball, 4M, EV 89.4 MPH)
|
|
Batting: RHB Rafael Reyes
|
0-0: Ball 1-0: Fly out, F2 (Popup, 2R, EV 91.2 MPH)
|
|
Batting: RHB Dave Pizarro
|
0-0: Called Strike 0-1: Swinging Strike 0-2: Ball 1-2: Ball 2-2: Ball 3-2: SOLO HOME RUN (Flyball, 7D, EV 95.0 MPH), Distance : 365 ft
|
|
Batting: RHB Tony Cabrera
|
0-0: Ground out 5-3 (Groundball, 56, EV 78.1 MPH)
|
| Bottom of the 4th over - 1 run, 1 hit, 0 errors, 0 left on base; Washington (APP) 1 - Danville 2 |
| TOP OF THE 5TH |
|
Washington (APP) Nationals batting - Pitching for Danville Braves : RHP Rick Grenfell
|
|
Batting: RHB Leo Gutierrez
|
0-0: Ball 1-0: Ball 2-0: Ball 3-0: Called Strike 3-1: Base on Balls
|
|
Batting: LHB Vince McLane
|
0-0: Called Strike 0-1: Called Strike 0-2: Fly out, F9 (Flyball, 9, EV 90.6 MPH)
|
|
Batting: LHB Chance McWilliams
|
0-0: Called Strike 0-1: Foul Ball, location: 2F 0-2: SINGLE (Groundball, 6MD, EV 105.0 MPH) Leo Gutierrez to second Runner from 2nd tries for 3rd, SAFE, throw by CF made to third
|
|
Batting: RHB Antonio Laurel
|
0-0: Called Strike 0-1: Ball 1-1: DOUBLE (Line Drive, 89M, EV 113.8 MPH) Leo Gutierrez scores Chance McWilliams to third
|
|
Batting: RHB Antonio Vallez
|
0-0: Ball 1-0: Foul Ball, location: 2F 1-1: Foul Ball, location: 2F 1-2: Strikes out swinging, 2-3 out at first.
|
|
Batting: RHB Tylor Cyr
|
0-0: Called Strike 0-1: SINGLE (Flyball, 5D, EV 91.2 MPH) Chance McWilliams scores Antonio Laurel to third Runner from 3rd tries for Home, throw by LF and OUT! 7-2
|
| Top of the 5th over - 2 runs, 3 hits, 0 errors, 1 left on base; Washington (APP) 3 - Danville 2 |
| BOTTOM OF THE 5TH |
|
Danville Braves batting - Pitching for Washington (APP) Nationals : RHP Greg Hall
|
|
Batting: RHB Vicente Guillen
|
0-0: Ball 1-0: Foul Ball, location: 2F 1-1: Swinging Strike 1-2: Ball 2-2: Strikes out looking
|
|
Batting: RHB Tetsuro Sato
|
0-0: Fly out, F7 (Flyball, 7S, EV 88.1 MPH)
|
|
Batting: RHB Josh Hopp
|
0-0: Called Strike 0-1: Ball 1-1: Ball 2-1: Ball 3-1: Fly out, F7 (Flyball, 7S, EV 88.1 MPH)
|
| Bottom of the 5th over - 0 runs, 0 hits, 0 errors, 0 left on base; Washington (APP) 3 - Danville 2 |
| TOP OF THE 6TH |
|
Washington (APP) Nationals batting - Pitching for Danville Braves : RHP Rick Grenfell
|
|
Batting: RHB Er Le
|
0-0: Fly out, F9 (Flyball, 9, EV 90.6 MPH)
|
|
Batting: RHB Justin Van Houten
|
0-0: Fly out, F9 (Flyball, 9LM, EV 80.6 MPH)
|
|
Batting: RHB Jason Ewert
|
0-0: Ground out U3 (Groundball, 34S, EV 86.9 MPH)
|
| Top of the 6th over - 0 runs, 0 hits, 0 errors, 0 left on base; Washington (APP) 3 - Danville 2 |
| BOTTOM OF THE 6TH |
|
Danville Braves batting - Pitching for Washington (APP) Nationals : RHP Greg Hall
|
|
Batting: RHB Richard Saquic
|
0-0: Ball 1-0: Called Strike 1-1: Called Strike 1-2: Ball 2-2: SINGLE (Line Drive, 78S, EV 93.8 MPH)
|
|
Batting: LHB Tamaichi Sasada
|
0-0: Called Strike Richard Saquic steals 2nd base 0-1: Ball 1-1: DOUBLE (Line Drive, 8LXD, EV 100.0 MPH) Richard Saquic scores
|
|
Batting: LHB Art D'Ascenzo
|
0-0: Intentional Walk
|
|
Pitching: LHP Mike Rosas
|
|
|
Batting: RHB Rafael Reyes
|
0-0: Ball 1-0: Foul Ball, location: 2F 1-1: DOUBLE (Groundball, 3L, EV 96.9 MPH) Tamaichi Sasada scores Art D'Ascenzo to third Runner from 3rd tries for Home, SAFE, throw by RF to home
|
|
Batting: RHB Dave Pizarro
|
0-0: Intentional Walk
|
|
Batting: RHB Tony Cabrera
|
0-0: Ball Rafael Reyes steals 3rd base Dave Pizarro to second 1-0: Intentional Walk
|
|
Batting: RHB Vicente Guillen
|
0-0: Foul Ball, location: 2F 0-1: Foul Ball, location: 2F 0-2: Grounds into fielders choice 6-2 (Groundball, 6, EV 98.1 MPH) Dave Pizarro to third Tony Cabrera to second
|
|
Batting: RHB Tetsuro Sato
|
0-0: Called Strike 0-1: Ball 1-1: Ball 2-1: GRAND SLAM HOME RUN (Flyball, 78XD, EV 96.2 MPH), Distance : 390 ft
|
|
Pitching: RHP Matt Norris
|
|
|
Batting: RHB Josh Hopp
|
0-0: Fly out, F4 (Line Drive, 4M, EV 68.1 MPH)
|
|
Batting: RHB Richard Saquic
|
0-0: Ball 1-0: Ball 2-0: Ball 3-0: Called Strike 3-1: Called Strike 3-2: Foul Ball, location: 2F 3-2: SINGLE (Flyball, 8LS, EV 89.4 MPH)
|
|
Batting: LHB Tamaichi Sasada
|
0-0: 2-RUN HOME RUN (Flyball, 9D, EV 91.9 MPH), Distance : 341 ft
|
|
Batting: LHB Art D'Ascenzo
|
0-0: Ball 1-0: Foul Ball, location: 2F 1-1: Ball 2-1: Foul Ball, location: 2F 2-2: Foul Ball, location: 2F 2-2: Ball 3-2: Foul Ball, location: 2F 3-2: Foul Ball, location: 2F 3-2: SOLO HOME RUN (Flyball, 9D, EV 93.8 MPH), Distance : 354 ft
|
|
Batting: RHB Rafael Reyes
|
0-0: Called Strike 0-1: Swinging Strike 0-2: Foul Ball, location: 2F 0-2: Ball 1-2: Foul Ball, location: 2F 1-2: Ball 2-2: Strikes out swinging
|
| Bottom of the 6th over - 10 runs, 7 hits, 0 errors, 0 left on base; Washington (APP) 3 - Danville 12 |
| TOP OF THE 7TH |
|
Washington (APP) Nationals batting - Pitching for Danville Braves : RHP Rick Grenfell
|
|
Batting: RHB Leo Gutierrez
|
0-0: Called Strike 0-1: Called Strike 0-2: Ball 1-2: Foul Ball, location: 2F 1-2: Foul Ball, location: 2F 1-2: Fly out, F9 (Flyball, 9, EV 86.9 MPH)
|
|
Batting: LHB Vince McLane
|
0-0: Ball 1-0: Ground out 6-3 (Groundball, 6, EV 82.5 MPH)
|
|
Batting: LHB Chance McWilliams
|
0-0: Called Strike 0-1: Ball 1-1: Ball 2-1: Swinging Strike 2-2: Foul Ball, location: 2F 2-2: Foul Ball, location: 2F 2-2: Ball 3-2: SINGLE (Flyball, 5D, EV 86.9 MPH)
|
|
Pitching: RHP Jeremy Mash
|
|
|
Batting: RHB Antonio Laurel
|
0-0: Ball Wild Pitch! Chance McWilliams to second 1-0: Called Strike 1-1: Foul Ball, location: 2F 1-2: Ground out 4-3 (Groundball, 4, EV 84.4 MPH)
|
| Top of the 7th over - 0 runs, 1 hit, 0 errors, 1 left on base; Washington (APP) 3 - Danville 12 |
| BOTTOM OF THE 7TH |
|
Danville Braves batting - Pitching for Washington (APP) Nationals : RHP Matt Norris
|
|
Batting: RHB Dave Pizarro
|
0-0: Foul Ball, location: 2F 0-1: Ball 1-1: Ball 2-1: Called Strike 2-2: Foul Ball, location: 2F 2-2: Ball 3-2: Foul Ball, location: 2F 3-2: Base on Balls
|
|
Pitching: RHP Manny Mendoza
|
|
|
Batting: RHB Tony Cabrera
|
0-0: Called Strike 0-1: Ball 1-1: Swinging Strike 1-2: Grounds into double play, 6-4-3 (Groundball, 6, EV 106.2 MPH)
|
|
Batting: RHB Vicente Guillen
|
0-0: Called Strike 0-1: Ground out 3-1 (Groundball, 34, EV 86.9 MPH)
|
| Bottom of the 7th over - 0 runs, 0 hits, 0 errors, 0 left on base; Washington (APP) 3 - Danville 12 |
| TOP OF THE 8TH |
|
Washington (APP) Nationals batting - Pitching for Danville Braves : RHP Jeremy Mash
|
|
Batting: RHB Antonio Vallez
|
0-0: Foul Ball, location: 2F 0-1: Ball 1-1: Ball 2-1: SOLO HOME RUN (Flyball, 78XD, EV 101.9 MPH), Distance : 399 ft
|
|
Batting: RHB Tylor Cyr
|
0-0: Ball 1-0: Foul Ball, location: 2F 1-1: Swinging Strike 1-2: Strikes out looking
|
|
Batting: RHB Er Le
|
0-0: Ball 1-0: Swinging Strike 1-1: Ball 2-1: SINGLE (Groundball, 6D, EV 108.1 MPH)
|
|
Batting: RHB Justin Van Houten
|
0-0: Ball 1-0: Ball 2-0: Ball 3-0: Called Strike 3-1: Base on Balls Er Le to second
|
|
Batting: RHB Jason Ewert
|
0-0: Grounds into double play, 6-4-3 (Groundball, 6S, EV 83.8 MPH)
|
| Top of the 8th over - 1 run, 2 hits, 0 errors, 1 left on base; Washington (APP) 4 - Danville 12 |
| BOTTOM OF THE 8TH |
|
Danville Braves batting - Pitching for Washington (APP) Nationals : RHP Manny Mendoza
|
|
Batting: RHB Tetsuro Sato
|
0-0: Fly out, F9 (Flyball, 89S, EV 91.9 MPH)
|
|
Batting: RHB Josh Hopp
|
0-0: Called Strike 0-1: Ball 1-1: Ball 2-1: Ball 3-1: Base on Balls
|
|
Batting: RHB Richard Saquic
|
0-0: Ball 1-0: Fielders Choice at 2nd, 5-4 (Groundball, 56, EV 90.6 MPH)
|
|
Batting: LHB Tamaichi Sasada
|
0-0: Called Strike 0-1: Foul Ball, location: 2F 0-2: Hit by Pitch Richard Saquic to second
|
|
Batting: LHB Art D'Ascenzo
|
Balk! Richard Saquic to third Tamaichi Sasada to second 0-0: 3-RUN HOME RUN (Flyball, 8LXD, EV 113.8 MPH), Distance : 446 ft
|
|
Batting: RHB Rafael Reyes
|
0-0: Ball 1-0: Called Strike 1-1: Called Strike 1-2: Foul Ball, location: 2F 1-2: SINGLE (Line Drive, 9S, EV 95.0 MPH)
|
|
Batting: RHB Dave Pizarro
|
0-0: Foul Ball, location: 2F 0-1: Reached on error, E5 (Groundball, 56S, EV 83.8 MPH) Rafael Reyes to second
|
|
Pitching: RHP Omar Perez
|
|
|
Batting: RHB Tony Cabrera
|
0-0: Ball 1-0: Swinging Strike 1-1: Ball 2-1: Fly out, F2 (Popup, 23F, EV 90.0 MPH)
|
| Bottom of the 8th over - 3 runs, 2 hits, 1 error, 2 left on base; Washington (APP) 4 - Danville 15 |
| TOP OF THE 9TH |
|
Washington (APP) Nationals batting - Pitching for Danville Braves : RHP Jeremy Mash
|
|
Pinch Hitting: RHB Chad Madsen
|
0-0: Fly out, F3 (Line Drive, 3, EV 70.6 MPH)
|
|
Batting: LHB Vince McLane
|
0-0: Ground out 5-3 (Groundball, 5, EV 89.4 MPH)
|
|
Batting: LHB Chance McWilliams
|
0-0: Ball 1-0: DOUBLE (Groundball, 3L, EV 104.4 MPH)
|
|
Batting: RHB Antonio Laurel
|
0-0: Ball 1-0: Ball 2-0: Ball 3-0: Base on Balls
|
|
Batting: RHB Antonio Vallez
|
0-0: Ball 1-0: Ball 2-0: Ball 3-0: Called Strike 3-1: Foul Ball, location: 2F 3-2: Base on Balls Chance McWilliams to third Antonio Laurel to second
|
|
Batting: RHB Tylor Cyr
|
0-0: Called Strike 0-1: Ball 1-1: Ball 2-1: Swinging Strike 2-2: Foul Ball, location: 2F 2-2: Fly out, F9 (Flyball, 89S, EV 96.9 MPH)
|
| Top of the 9th over - 0 runs, 1 hit, 0 errors, 3 left on base; Washington (APP) 4 - Danville 15 |
|